 Dungeon Crawl Stone Soup version 0.23.0 (webtiles) character file.

Game seed: 13961049561418139730

310 IcyTea the Cudgeler (level 6, -2/37 HPs)
             Began as a Gargoyle Fighter on Feb 8, 2019.
             Slain by an ogre
             ... wielding a +0 giant spiked club
              (23 damage)
             ... on level 3 of the Dungeon.
             The game lasted 00:12:08 (3291 turns).

IcyTea the Cudgeler (Gargoyle Fighter)              Turns: 3291, Time: 00:12:09

Health: -2/37      AC: 18    Str: 20      XL:     6   Next: 41%
Magic:  6/6        EV:  5    Int:  7 (9)  God:
Gold:   149        SH:  9    Dex:  9 (10) Spells: 5/5 levels left

rFire    . . .     SeeInvis .   a - +0 flail
rCold    . . .     Gourm    .   c - +0 shield
rNeg     + + .     Faith    .   s - +0 chain mail
rPois    ∞         Spirit   .   m - +0 helmet of Doaptetol {+Blink rN+} (curse)
rElec    +         Reflect  .   (no cloak)
rCorr    .         Harm     .   l - +0 pair of gloves
MR       .....                  j - +1 pair of boots
Stlth    ..........             (no amulet)
HPRegen  0.12/turn              (no ring)
MPRegen  0.10/turn              (no ring)

@: no status effects
A: negative energy resistance 1, electricity resistance, unbreathing,
petrification resistance, rot immunity, AC +4
a: Evoke Blink


You were on level 3 of the Dungeon.
You were not hungry.

You visited 1 branch of the dungeon, and saw 4 of its levels.

You collected 149 gold pieces.

Inventory:

Hand Weapons
 a - a +0 flail (weapon)
Armour
 c - a +0 shield (worn)
 j - a +1 pair of boots (worn)
 l - a +0 pair of gloves (worn)
 m - the cursed +0 helmet of Doaptetol (worn) {+Blink rN+}
   (You took it off Robin on level 1 of the Dungeon)

   It protects you from negative energy.
   It lets you blink.
   It has a curse placed upon it.
 s - a +0 chain mail (worn)
Scrolls
 e - a scroll of fear
 h - 4 scrolls of teleportation
 i - 7 scrolls of identify
 o - a scroll of immolation {unknown}
 r - a scroll of enchant armour {unknown}
Potions
 b - a potion of haste
 d - a potion of might
 g - a potion of ambrosia
 k - a potion of brilliance {unknown}
 n - 2 potions of curing {unknown}
 p - a potion of magic
 q - 2 potions of berserk rage
Comestibles
 f - 5 rations


   Skills:
 - Level 3.2 Fighting
 + Level 6.6 Maces & Flails
 - Level 3.2 Armour
 - Level 3.2 Shields


You had 5 spell levels left.
You didn't know any spells.
Your spell library was empty.

Dungeon Overview and Level Annotations

Branches:
Dungeon (4/15)
 Temple: D:4-7

Altars:
Ashenzari
Nemelex Xobeh
Qazlal
Uskayaw
Vehumet
Xom
Yredelemnul

Annotations:
D:4 Grinder


Innate Abilities, Weirdness & Mutations

You are resistant to torment.
Your stone body is resilient. (AC +4)
You are immune to poison.
You resist negative energy. (rN+)
You are resistant to electric shocks. (rElec)
You can survive without breathing.
You are immune to petrification.
You are immune to rotting.


Message History

A mysterious force pulls you upwards. The hatch slams shut behind you.
You sock the ogre!
The ogre is moderately wounded.
The ogre closely misses you.
Your shield prevents you from hitting the ogre.
The ogre is moderately wounded.
The ogre barely misses you.
You hit the ogre.
The ogre is moderately wounded.
You sock the ogre!
The ogre is heavily wounded.
You block the ogre's attack.
You hit the ogre.
The ogre is heavily wounded.
The ogre barely misses you.
You sock the ogre!
The ogre is almost dead.
The ogre hits you with a +0 giant spiked club!!
Ouch! That really hurt!
You die...

#.##
##..#.#.#####...#.##
####.###...#...#
###.#.#
......#.#..##.## #.#.#
#####..##..##.###
#.#.# #...........#
#.#.# #.###...###.#
#.#.# #...........#
#(#.#
#######.###.######.#.#
#.# #O@.....<..# #[#
#.######.### #.###.#
#.# #.....# #.#
#####.# #.# ## #.# #.#
.# #.# #.# .# #.# #.#
.# #.# #.#


You could see an ogre.

Vanquished Creatures
  Menkaure (D:4)
  An iguana (D:4)
  A worker ant (D:4)
  Robin (D:1)
  4 adders
  3 worms
  A dart slug (D:1)
  2 leopard geckos
  An orc (D:4)
  5 ball pythons
  4 giant cockroaches (D:2)
  10 goblins
  13 hobgoblins
  4 jackals (D:1)
  9 kobolds
  6 bats
  A frilled lizard (D:3)
  9 rats
76 creatures vanquished.

Vanquished Creatures (others)
  A bat (D:2)
1 creature vanquished.

Grand Total: 77 creatures vanquished

Notes
Turn   | Place    | Note
-------+----------+-------------------------------------------
     0 | D:1      | IcyTea the Gargoyle Fighter began the quest for the Orb.
     0 | D:1      | Reached XP level 1. HP: 14/14 MP: 1/1
   207 | D:1      | Reached XP level 2. HP: 19/19 MP: 2/2
   325 | D:1      | Reached skill level 3 in Maces & Flails
   669 | D:1      | Reached XP level 3. HP: 23/23 MP: 3/3
   784 | D:2      | Identified the cursed +0 helmet of Doaptetol {+Blink rN+}
   784 | D:2      | Noticed Robin
   843 | D:1      | Killed Robin
  1005 | D:2      | Reached skill level 4 in Maces & Flails
  1111 | D:2      | Reached XP level 4. HP: 21/28 MP: 4/4
  1565 | D:2      | Found a basalt altar of Yredelemnul.
  1598 | D:2      | Found a shattered altar of Ashenzari.
  1639 | D:2      | Found a radiant altar of Vehumet.
  1938 | D:3      | Noticed an ogre
  2126 | D:3      | Reached skill level 5 in Maces & Flails
  2140 | D:3      | Reached XP level 5. HP: 25/32 MP: 5/5
  2272 | D:3      | Found a hide-covered altar of Uskayaw.
  2319 | D:3      | Found a shimmering altar of Xom.
  2763 | D:4      | Noticed Grinder
  2883 | D:4      | Noticed Menkaure
  2886 | D:4      | Found a sparkling altar of Nemelex Xobeh.
  2898 | D:4      | Killed Menkaure
  2898 | D:4      | Reached skill level 6 in Maces & Flails
  2898 | D:4      | Reached XP level 6. HP: 7/37 MP: 6/6
  3243 | D:4      | Found a stormy altar of Qazlal.
  3275 | D:4      | Noticed an orc warrior
  3291 | D:3      | Slain by an ogre

Skill      XL: |  1  2  3  4  5 |
---------------+----------------+-----
Maces & Flails | 3 4 5 6 |  6.6
Fighting       | |  3.2
Armour         | |  3.2
Shields        | |  3.2

Action                   |  1- 3 |  4- 6 || total
-------------------------+-------+-------++-------
Melee: Flail             |   126 |   216 ||   342
  Use: Scroll            |       |     3 ||     3
       Potion            |       |     4 ||     4
  Eat: Chunk             |     1 |     5 ||     6
       Ration            |       |     1 ||     1
Armor: Scale mail        |    74 |    54 ||   128
       Chain mail        |       |   101 ||   101
Dodge: Dodged            |    42 |    67 ||   109
Block: Shield            |    71 |   128 ||   199
